 Dungeon Crawl Stone Soup version 0.23-a0-241-g3b46b07 (webtiles) character file.

133 MisterFreud the Poker (level 4, -5/39 HPs)
             Began as a Minotaur Fighter on Sept 26, 2018.
             Killed by nerve-wracking pain
             ... invoked by an orc priest
              (12 damage)
             ... on level 3 of the Dungeon.
             The game lasted 00:03:38 (2182 turns).

MisterFreud the Poker (Minotaur Fighter)            Turns: 2182, Time: 00:03:38

Health: -5/39      AC: 11    Str: 26    XL:     4   Next: 93%
Magic:  3/3        EV:  7    Int:  5    God:
Gold:   199        SH: 10    Dex: 13    Spells: 3/3 levels left

rFire    . . .     SeeInvis .   a - +0 trident
rCold    . . .     Gourm    .   c - +0 shield
rNeg     . . .     Faith    .   m - +0 scale mail
rPois    .         Spirit   .   (helmet restricted)
rElec    .         Reflect  .   (no cloak)
rCorr    +         Harm     .   i - +2 pair of gloves {Dex+3}
MR       .....                  z - +0 pair of boots
Stlth    ..........             (no amulet)
HPRegen  0.13/turn              A - ring of resist corrosion
MPRegen  0.08/turn              (no ring)

@: mighty
A: retaliatory headbutt, horns 2
a: no special abilities


You were on level 3 of the Dungeon.
You were not hungry.

You visited 1 branch of the dungeon, and saw 4 of its levels.

You collected 199 gold pieces.

Inventory:

Hand Weapons
 a - a +0 trident (weapon)
 b - a +0 hunting sling
Missiles
 n - 128 stones (quivered)
 o - 75 sling bullets
 s - 20 arrows
 t - 14 bolts
Armour
 c - a +0 shield (worn)
 i - a +2 pair of gloves of dexterity (worn)
 m - a +0 scale mail (worn)
 z - a +0 pair of boots (worn)
Jewellery
 A - a ring of resist corrosion (left hand)
Wands
 q - a wand of iceblast (11)
 u - a wand of polymorph (13)
Scrolls
 e - a scroll of blinking {unknown}
 j - 4 scrolls of identify {unknown}
 p - 2 scrolls of remove curse {unknown}
 r - a scroll of enchant weapon {unknown}
 v - a scroll of enchant armour {unknown}
 w - 3 scrolls of teleportation {unknown}
 y - a scroll of noise {unknown}
Potions
 d - a potion of might
 g - 2 potions of curing {unknown}
 h - a potion of magic {unknown}
 k - 2 potions of degeneration {unknown}
 l - a potion of agility {unknown}
Comestibles
 f - 6 rations
 x - 2 chunks of flesh


   Skills:
 - Level 3.6 Fighting
 + Level 6.3 Polearms
 - Level 3.6 Armour
 - Level 3.6 Shields


You had 3 spell levels left.
You didn't know any spells.
Your spell library was empty.

Dungeon Overview and Level Annotations

Branches:
Dungeon (4/15)
 Temple: D:4-7

Altars:


Innate Abilities, Weirdness & Mutations

You reflexively headbutt those who attack you in melee.
You have a pair of horns on your head.


Message History

* * * LOW HITPOINT WARNING * * *
The howler monkey hoots and howls with incredible vigour!
You don't know any spells.
Unknown command.
Evoke which item? (* to show all) (? for menu, Esc to quit)
Okay, then.
You feel very mighty all of a sudden. You block the howler monkey's attack.
You puncture the howler monkey!
You kill the howler monkey!
Your Polearms skill increases to level 6!
The orc priest looks encouraged for a moment.
The orc priest hits you with a falchion.
* * * LOW HITPOINT WARNING * * *
You see here a howler monkey corpse.
You puncture the orc priest! Your headbutt misses the orc priest.
The orc priest is heavily wounded.
The orc priest invokes the aid of Beogh against you.
Pain shoots through your body!
You die...

### ..# ..# ..#
######### ..#
#.......#
..####.......######
.....'.......'.o@>#
#.####.......######
#.# #.......# #.#
##'###### #.# #.#
#'#####.#####
............#
.......####.#
.......<#...#


You could see an orc priest.

Vanquished Creatures
  A howler monkey (D:3)
  A worker ant (D:3)
  An adder (D:2)
  A worm (D:3)
  2 dart slugs
  2 leopard geckos
  2 orcs
  6 bats
  2 giant cockroaches (D:3)
  7 goblins
  4 hobgoblins
  5 jackals
  3 frilled lizards
  6 kobolds
  5 rats
48 creatures vanquished.

Notes
Turn   | Place    | Note
-------+----------+-------------------------------------------
     0 | D:1      | MisterFreud the Minotaur Fighter began the quest for the
                  | Orb.
     0 | D:1      | Reached XP level 1. HP: 19/19 MP: 0/0
    53 | D:1      | Reached skill level 3 in Polearms
   291 | D:1      | Reached XP level 2. HP: 26/26 MP: 1/1
   665 | D:2      | Reached skill level 4 in Polearms
   750 | D:2      | Reached XP level 3. HP: 30/31 MP: 2/2
   902 | D:2      | You fall through a shaft!
  1364 | D:2      | Reached skill level 5 in Polearms
  1874 | D:3      | Reached XP level 4. HP: 39/39 MP: 3/3
  1992 | D:4      | Noticed a hungry ghost
  2180 | D:3      | Reached skill level 6 in Polearms
  2182 | D:3      | Killed from afar by an orc priest

Vault maps used:
D:1:      minmay_arrival_diagonal_passages, serial_bayou_pond_a,
          kennysheep_doodads
D:3:      minmay_misc_feat_nine_boxes, minmay_misc_feat_four_crosses,
          minmay_misc_feat_encased, hangedman_decor_clover_reticule
D:4:      kennysheep_mini_moat, temple_fountains

Skill      XL: |  1  2  3  4 |
---------------+-------------+-----
Polearms       | 3 4 5 6 |  6.3
Fighting       | |  3.6
Armour         | |  3.6
Shields        | |  3.6

Action                   |  1- 3 |  4- 6 || total
-------------------------+-------+-------++-------
Melee: Trident           |   110 |    14 ||   124
       Headbutt          |    15 |     1 ||    16
  Use: Potion            |       |     1 ||     1
  Eat: Chunk             |     3 |     1 ||     4
Armor: Scale mail        |    31 |     8 ||    39
Dodge: Dodged            |    18 |     5 ||    23
Block: Shield            |    43 |     8 ||    51

Table legend:
 A = Non-vault XP
 B = Vault XP
 C = Vault XP percentage of total XP
 D = Non-vault monster count
 E = Vault monster count
 F = Vault count percentage of total count
                 A         B        C        D         E       F
            +---------+---------+-------+---------+---------+-------
      Total |     190 |       0 |   0.0 |      48 |       0 |   0.0
            +---------+---------+-------+---------+---------+-------
        D:1 |      24 |       0 |   0.0 |      13 |       0 |   0.0
        D:2 |      35 |       0 |   0.0 |      12 |       0 |   0.0
        D:3 |     125 |       0 |   0.0 |      21 |       0 |   0.0
        D:4 |       6 |       0 |   0.0 |       2 |       0 |   0.0
            +---------+---------+-------+---------+---------+-------
